 Dungeon Crawl Stone Soup version 0.31.0-9-g3a7656b989 (webtiles) character file.

Game seed: 15360035892898296741

50 qw the Shooter (level 3, 0/20 HPs)
             Began as a Deep Elf Hunter on Feb 2, 2024.
             Succumbed to their own poison gas
             ... on level 2 of the Dungeon.
             The game lasted 00:00:05 (1397 turns).

qw the Shooter (Deep Elf Hunter)                    Turns: 1397, Time: 00:00:05

Health: 0/20       AC:  7    Str: 13 (14) XL:     3   Next: 55%
Magic:  5/5        EV: 11    Int: 11 (13) God:
Gold:   35         SH:  0    Dex: 19 (20) Spells: 2/2 levels left

rFire   . . .        a - +2 shortbow
rCold   . . .        (shield currently unavailable)
rNeg    . . .        e - +0 ring mail
rPois   .            (no helmet)
rElec   .            i - +1 cloak
rCorr   .            (no gloves)
SInv    .            (no boots)
Will    .....        (no amulet)
Stlth   +            j - +6 ring of strength
HPRegen 0.23/turn    (no ring)
MPRegen 0.09/turn

%: no passive effects
@: lethally poisoned (0 -> -7)
A: no striking features
a: no special abilities


You were on level 2 of the Dungeon.
You visited 1 branch of the dungeon, and saw 2 of its levels.

You collected 70 gold pieces.
You spent 35 gold pieces at shops.


   Skills:
 - Level 1.5 Fighting
 + Level 7.1 Ranged Weapons
 - Level 2.4 Dodging
 - Level 1.2 Stealth


You had 2 spell levels left.
You didn't know any spells.
Your spell library was empty.

Inventory:

Hand Weapons
 a - a +2 shortbow (weapon)
Armour
 e - a +0 ring mail (worn)
 g - the +3 hat of Pondering {ponderous, Will+ MP+10 Int+5}
   (You acquired it on level 2 of the Dungeon)

   Int+5:     It affects your intelligence (+5).
   Will+:     It increases your willpower.
   MP+10:     It affects your magic capacity (+10).
 i - a +1 cloak (worn)
Jewellery
 j - a +6 ring of strength (left hand)
Scrolls
 d - a scroll of teleportation
Potions
 f - a potion of enlightenment
 l - a potion of might {unknown}

Dungeon Overview and Level Annotations

Branches:
Dungeon (2/15)

Altars:

Shops:
D:1 *   D:2 *


Message History

1389 ||| READING scroll labelled EMAHIQI POPNUV.
As you read the scroll labelled EMAHIQI POPNUV, it crumbles to dust.
It is a scroll of enchant armour.
1389 ||| ENCHANTING +0 cloak.
Your +0 cloak glows green for a moment.
Done exploring.
1390 ||| DRINKING 3 blue potions.
It was a potion of degeneration.
There was something very wrong with that liquid.
You feel weakened.
You feel dopey.
You feel clumsy.
Done exploring.
1391 ||| DROPPING 2 potions of degeneration.
You drop 2 potions of degeneration.
Done exploring.
1392 ||| DROPPING scroll of poison.
You drop a scroll of poison.
Done exploring.
What level of the Dungeon? (default 2, ? - help) Sorry, I don't know how to get there.
Enter note:
Enter note:
Enter note:
Enter note:
Enter note:
Enter note:
Enter note:
Enter note:
Enter note:
Enter note:
Enter note:
Enter note: You are engulfed in poison gas.
You are poisoned.
You feel very sick.
1394 ||| Stepping ~*~*~tactically~*~*~ (cloud).
You feel very sick.
Things that are here:
a scroll of poison; 2 potions of degeneration
There is a lethal amount of poison in your body!
You feel very sick.
There is a lethal amount of poison in your body!
You feel sick.
There is a lethal amount of poison in your body!
You die...

######## #0¤0¤00#
#¤¤0.0.# #¤00¤00# ###
#00..0.# ##..
#0..0.0#############..#
#¤0..0@0¤¤..¤........##
#¤0¤...##########....#
#00..¤0#### #.......##
#0¤.0¤.'..# #.........
#..000¤##.# #......###
#000¤0.##.####........#
##.#¤#####.##..........#
##¤0#¤#####'##..........#
#..}#.~8...........#....#


There were no monsters in sight!

Vanquished Creatures
  2 ribbon worms (D:2)
  5 dart slugs (D:2)
  3 ball pythons
  4 endoplasms
  2 giant cockroaches (D:1)
  4 goblins
  3 hobgoblins (D:1)
  5 kobolds
  2 quokkas (D:2)
  A bat (D:2)
  A rat (D:2)
32 creatures vanquished.

Notes
Turn   | Place    | Note
-------+----------+-------------------------------------------
     0 | D:1      | qw the Deep Elf Hunter began the quest for the Orb.
     0 | D:1      | Reached XP level 1. HP: 12/12 MP: 3/3
     0 | D:1      | 0 ||| qw: Version: 0.3-a-155-g5e7d8dd
     0 | D:1      | 0 ||| qw: Game counter: 1389
     0 | D:1      | 0 ||| qw: Melee chars always use a shield: true
     0 | D:1      | 0 ||| qw: God list: Okawaru
     0 | D:1      | 0 ||| qw: Allow faded altars: false
     0 | D:1      | 0 ||| qw: Do Orc after clearing Dungeon:15 true
     0 | D:1      | 0 ||| qw: Do second Lair branch before Depths: true
     0 | D:1      | 0 ||| qw: Lair rune preference: random
     0 | D:1      | 0 ||| qw: Goals: Normal
     0 | D:1      | 0 ||| PLANNING D:1-11
   256 | D:1      | Found Ryuhoicko's Assorted Antiques.
   264 | D:1      | 264 ||| BUYING bubbling black potion (17 gold).
   264 | D:1      | Bought a bubbling black potion for 17 gold pieces
   264 | D:1      | 264 ||| SHOPLISTING scroll labelled BIDI ADOT LOSK (19
                  | gold, have 4).
   264 | D:1      | 264 ||| SHOPLISTING scroll labelled DIRRAJ SAIGICU (19
                  | gold, have 4).
   264 | D:1      | 264 ||| SHOPLISTING scroll labelled KIMAMU LUEJA (19 gold,
                  | have 4).
   264 | D:1      | 264 ||| SHOPLISTING scroll labelled SYASHR HORE (19 gold,
                  | have 4).
   264 | D:1      | 264 ||| SHOPLISTING yellow potion (17 gold, have 4).
   291 | D:1      | Reached XP level 2. HP: 16/16 MP: 4/4
   447 | D:1      | Reached skill level 6 in Ranged Weapons
   804 | D:1      | 804 ||| UPGRADING to +0 ring mail.
   814 | D:1      | 814 ||| DROPPING +0 leather armour.
   815 | D:1      | 815 ||| UPGRADING to +0 cloak.
   820 | D:1      | 820 ||| UPGRADING to +6 ring of strength.
   821 | D:1      | 821 ||| READING scroll labelled KIMAMU LUEJA.
   821 | D:1      | 821 ||| IDENTIFYING bubbling black potion
   822 | D:1      | 822 ||| READING scroll labelled BUIGAU XITYSE.
   823 | D:1      | 823 ||| READING scroll labelled EJARUE GEVUTOZ.
   826 | D:1      | 826 ||| READING scroll labelled QIOFECK WAGIU.
   827 | D:1      | 827 ||| DROPPING scroll of butterflies.
   995 | D:2      | Reached XP level 3. HP: 20/20 MP: 5/5
  1212 | D:2      | Reached skill level 7 in Ranged Weapons
  1262 | D:2      | Found a faded altar of an unknown god.
  1341 | D:2      | Found Qynud's Assorted Antiques.
  1365 | D:2      | 1365 ||| SHOPLISTING +2 hood of the Assassin {Detect Stab+
                  | Stlth++} (1080 gold, have 53).
  1365 | D:2      | 1365 ||| SHOPLISTING pair of boots (81 gold, have 53).
  1365 | D:2      | 1365 ||| BUYING scroll labelled QENWEC IFOC (18 gold).
  1365 | D:2      | Bought a scroll labelled QENWEC IFOC for 18 gold pieces
  1365 | D:2      | 1365 ||| SHOPLISTING scroll of identify (36 gold, have 35).
  1365 | D:2      | 1365 ||| SHOPLISTING scroll of teleportation (54 gold, have
                  | 35).
  1365 | D:2      | 1365 ||| SHOPLISTING tubular gilded ring (90 gold, have
                  | 35).
  1384 | D:2      | 1384 ||| READING 2 scrolls labelled FUHELU FUCLIJI.
  1385 | D:2      | 1385 ||| READING 2 scrolls labelled QENWEC IFOC.
  1385 | D:2      | 1385 ||| ENCHANTING +0 shortbow.
  1386 | D:2      | 1386 ||| READING scroll of enchant weapon.
  1386 | D:2      | 1386 ||| ENCHANTING +1 shortbow.
  1387 | D:2      | 1387 ||| READING scroll labelled MYJOUD CELUADONANG.
  1387 | D:2      | Identified a scroll of acquirement
  1387 | D:2      | 1387 ||| ACQUIRING +3 hat of Pondering {ponderous, Will+
                  | MP+10 Int+5}
  1387 | D:2      | Acquired the +3 hat of Pondering {ponderous, Will+ MP+10
                  | Int+5}
  1387 | D:2      | Found the +3 hat of Pondering {ponderous, Will+ MP+10
                  | Int+5}
  1389 | D:2      | 1389 ||| READING scroll labelled EMAHIQI POPNUV.
  1389 | D:2      | 1389 ||| ENCHANTING +0 cloak.
  1390 | D:2      | 1390 ||| DRINKING 3 blue potions.
  1391 | D:2      | 1391 ||| DROPPING 2 potions of degeneration.
  1392 | D:2      | 1392 ||| DROPPING scroll of poison.
  1394 | D:2      | 1394 ||| Stepping ~*~*~tactically~*~*~ (cloud).
  1395 | D:2      | HP: 4/20 [poisoned by you (poison gas)]
  1397 | D:2      | Succumbed to their own poison gas

Levels and vault maps discovered:
D:1:      wander_arrival_chamber, layout_loops_corners, serial_shops, shop
D:2:      layout_basic, serial_shops, nicolae_shop_hallway_plus,
          shapermc_ecumenical_altar_mp_vishouse

Skill      XL: |  1  2  3 |
---------------+----------+-----
Ranged Weapons | 6 7 |  7.1
Fighting       | |  1.5
Dodging        | |  2.4
Stealth        | |  1.2

Action                     || total
---------------------------++-------
   Fire: Shortbow          ||    78
    Use: Scroll            ||     9
         Potion            ||     1
 Armour: Leather armour    ||    11
         Ring mail         ||     5
  Dodge: Dodged            ||    18

Table legend:
 A = Non-vault XP
 B = Vault XP
 C = Vault XP percentage of total XP
 D = Non-vault monster count
 E = Vault monster count
 F = Vault count percentage of total count
                 A         B        C        D         E       F
            +---------+---------+-------+---------+---------+-------
      Total |      72 |       0 |   0.0 |      32 |       0 |   0.0
            +---------+---------+-------+---------+---------+-------
        D:1 |      24 |       0 |   0.0 |      12 |       0 |   0.0
        D:2 |      48 |       0 |   0.0 |      20 |       0 |   0.0
            +---------+---------+-------+---------+---------+-------
